 Dungeon Crawl Stone Soup version 0.20.1-1-g8b1a95d (webtiles) character file.

178 kupiprodaypochku the Ducker (level 5, 0/49 HPs)
             Began as a Troll Warper on July 21, 2017.
             Slain by Crazy Yiuf
             ... wielding a +3 quarterstaff of chaos
              (7 damage)
             ... on level 2 of the Dungeon.
             The game lasted 00:54:13 (3094 turns).

kupiprodaypochku the Ducker (Troll Warper)          Turns: 3094, Time: 00:54:41

Health: 0/49       AC:  6    Str: 20    XL:     5   Next: 32%
Magic:  1/6        EV:  8    Int: 12    God:
Gold:   127        SH:  9    Dex:  9    Spells: 1/6 levels left

rFire    . . .     SeeInvis .   y - +0 war axe (curse)
rCold    . . .     Gourm    +   l - +2 shield
rNeg     . . .     Faith    .   b - +0 robe
rPois    .         Spirit   .   (helmet restricted)
rElec    .         Reflect  .   v - +0 cloak
rCorr    .         Harm     .   (gloves unavailable)
MR       .....                  (boots unavailable)
Stlth    +.........             (no amulet)
Regen    0.6/turn               A - +3 ring of intelligence
MPRegen  0.1/turn               (no ring)

@: about to teleport, very slightly contaminated
A: unfitting armour, claws 3, fast metabolism 3, gourmand, regeneration 1,
shaggy fur 1, tough skin 2
a: no special abilities


You were on level 2 of the Dungeon.
You were very hungry.

You visited 1 branch of the dungeon, and saw 3 of its levels.

You collected 127 gold pieces.

Inventory:

Hand Weapons
 k - a +0 dagger of venom
 y - a cursed +0 war axe (weapon)
Missiles
 e - 4 tomahawks of dispersal
 g - 47 poisoned needles
 i - 94 stones (quivered)
 m - 8 tomahawks
 p - 14 bolts
 x - 13 arrows
Armour
 b - a +0 robe (worn)
 l - a +2 shield (worn)
 v - a +0 cloak (worn)
Jewellery
 A - a +3 ring of intelligence (left claw)
Scrolls
 d - a scroll of blinking
 n - 7 scrolls of identify
 s - a scroll of remove curse {unknown}
 t - 2 scrolls of teleportation
 B - a scroll of magic mapping
Potions
 h - 2 potions of agility
 j - a potion of mutation {unknown}
 o - 3 potions of curing
 q - a potion of might {unknown}
 r - 3 potions of flight {unknown}
 w - a potion of resistance {unknown}
 z - 3 potions of brilliance {unknown}
Books
 c - a book of Spatial Translocations

   Spells                             Type                      Level
   a - Blink                          Translocation                2
   b - Shroud of Golubria             Charms/Translocation         2
   c - Lesser Beckoning               Translocation                3
   d - Gell's Gravitas                Translocation                3
   e - Teleport Other                 Translocation                3
   f - Passage of Golubria            Translocation                4
Comestibles
 a - a meat ration
 f - 6 bread rations


   Skills:
 + Level 2.1 Fighting
 + Level 0.1 Short Blades
 + Level 0.8(1.6) Axes
   Level 2.3(2.4) Maces & Flails
 + Level 2.0 Throwing
 + Level 2.8 Dodging
 + Level 1.1 Shields
 + Level 1.4 Spellcasting
 + Level 2.4 Translocations


You had one spell level left.
You knew the following spells:

 Your Spells              Type           Power        Failure   Level  Hunger
a - Blink                 Tloc           N/A          65%         2    ###....
b - Teleport Other        Tloc           #.......     86%         3    ####...


Dungeon Overview and Level Annotations

Branches:
Dungeon (3/15)

Altars:

Annotations:
D:2 Crazy Yiuf


Innate Abilities, Weirdness & Mutations

You are too large for most types of armour.
You have claws for hands.
Your metabolism is lightning-fast.
You like to eat raw meat.
Your natural rate of healing is unusually fast.
You are covered in fur. (AC +1)
You have very tough skin. (AC +2)


Message History

Crazy Yiuf is severely wounded.
Crazy Yiuf hits you with a quarterstaff of chaos!
You feel strangely unstable.
You hit Crazy Yiuf but do no damage.
Crazy Yiuf is severely wounded.
Crazy Yiuf hits you with a quarterstaff of chaos.
You are electrocuted!
* * * LOW HITPOINT WARNING * * *
Casting: Blink
Confirm with . or Enter, or press ? or * to list all spells.
You blink.
You feel better.
Casting: Blink
Confirm with . or Enter, or press ? or * to list all spells.
You miscast Blink.
You are very lightly contaminated with residual magic.
You spin around.
Crazy Yiuf cries, "Snurf!"
Crazy Yiuf hits you with a quarterstaff of chaos!
You die...

##.....<# ♣♣.♣♣ ###....# ♣♣.♣
##### ##.....# ♣.♣♣ ###...#
####..#...# ♣♣.♣ ####....##
....)#....# ♣§♣♣ #.....###
........#.# ##'## ###..##
..........# #...# #.##
.....#....# #..g# #.# .###....÷.#
#)(@# ###.# .###......# #####
#...# ...#......# #.###########
.#........###########.....##.....
.###.........#.#........#........
.# #...........#...>..#..........
.# #.........###........#........
.###.............................
###.............................#


You could see Crazy Yiuf.

Vanquished Creatures
  A water moccasin zombie (D:3)
  6 adders
  A worm (D:3)
  A dart slug (D:1)
  2 leopard geckos (D:2)
  A ball python (D:2)
  A giant cockroach (D:3)
  9 goblins
  5 hobgoblins
  7 jackals (D:3)
  6 kobolds
  2 quokkas (D:3)
  6 bats
  3 frilled lizards (D:2)
  10 rats
61 creatures vanquished.

Notes
Turn   | Place    | Note
-------+----------+-------------------------------------------
     0 | D:1      | kupiprodaypochku the Troll Warper began the quest for the Orb.
     0 | D:1      | Reached XP level 1. HP: 19/19 MP: 1/1
   296 | D:1      | Reached XP level 2. HP: 24/27 MP: 3/3
   341 | D:1      | Learned a level 2 spell: Blink
   380 | D:1      | Reached skill level 1 in Throwing
  1316 | D:2      | Reached XP level 3. HP: 23/33 MP: 4/4
  1892 | D:2      | Reached XP level 4. HP: 35/42 MP: 5/5
  1951 | D:2      | Found a runed door.
  2708 | D:3      | Reached skill level 1 in Shields
  2708 | D:3      | Reached XP level 5. HP: 37/49 MP: 6/6
  2974 | D:3      | Learned a level 3 spell: Teleport Other
  3083 | D:2      | Noticed Crazy Yiuf
  3091 | D:2      | HP: 1/49 [Crazy Yiuf/quarterstaff of chaos (20)]
  3094 | D:2      | Slain by Crazy Yiuf

Skill      XL: |  1  2  3  4 |
---------------+-------------+-----
Dodging        | 2 |  2.8
Throwing       | 1 2 |  2.0
Maces & Flails | 2 |  2.3
Fighting       | 2 |  2.1
Shields        | 1 |  1.1
Short Blades   | |  0.1
Axes           | |  0.8
Spellcasting   | |  1.4
Translocations | |  2.4

Action                   |  1- 3 |  4- 6 || total
-------------------------+-------+-------++-------
Melee: Mace              |    25 |       ||    25
       Dagger            |    67 |       ||    67
       War axe           |    13 |   146 ||   159
Throw: Stone             |    62 |    44 ||   106
       Tomahawk          |     1 |       ||     1
 Cast: Blink             |     1 |     3 ||     4
  Use: Scroll            |     5 |       ||     5
       Potion            |       |     1 ||     1
  Eat: Chunk             |    17 |     4 ||    21
       Meat ration       |       |     1 ||     1
Armor: Robe              |    47 |    91 ||   138
Dodge: Dodged            |    40 |    60 ||   100
Block: Shield            |    56 |    83 ||   139
